 Dungeon Crawl Stone Soup version 0.30-a0-916-g9813417 (webtiles) character file.

Game seed: 16401728224974604269

5300 Dawnplanks the Cleaver (level 10, -1/91 HPs)
             Began as a Hill Orc Berserker on Mar 21, 2023.
             Was a Priest of Trog.
             Slain by an orc knight
             ... wielding a +0 trident
              (16 damage)
             ... in a bailey.
             The game lasted 00:15:26 (7686 turns).

Dawnplanks the Cleaver (Hill Orc Berserker)         Turns: 7686, Time: 00:15:27

Health: -1/91      AC: 19    Str: 25    XL:     10   Next: 63%
Magic:  10/10      EV:  8    Int:  7    God:    Trog [***...]
Gold:   385        SH:  0    Dex: 10    Spells: 9/9 levels left

rFire   . . .      SeeInvis .    v - +2 hand axe (elec)
rCold   . . .      Faith    .    (no shield)
rNeg    . . .      Spirit   .    G - +0 plate armour
rPois   .          Reflect  .    (no helmet)
rElec   .          Rampage  .    x - +1 cloak
rCorr   .                        y - +1 pair of gloves
Will    .....                    (no boots) Stlth
                                 D - amulet of regeneration
HPRegen 1.15/turn                (no ring)
MPRegen 0.12/turn                (no ring)

@: mighty, on berserk cooldown, slowed, studying Invocations, invisible, very
slow
A: no striking features
a: Renounce Religion, Berserk, Trog's Hand


You were in a bailey.
You worshipped Trog.
Trog was most pleased with you.
You visited 2 branches of the dungeon, and saw 10 of its levels.
You also visited: Bailey.

You collected 385 gold pieces.

Inventory:

Hand Weapons
 q - a +3 hand axe
 t - the +9 short sword "Opruralo" {speed, rElec Dex+2}
   (You found it on level 3 of the Dungeon)

   Dex:       It affects your dexterity (+2).
   rElec:     It insulates you from electricity.
 v - a +2 hand axe of electrocution (weapon)
 A - a +2 dire flail of protection
 F - a +1 flail of protection
Missiles
 r - a throwing net
Armour
 n - a +1 ring mail of positive energy
 x - a +1 cloak (worn)
 y - a +1 pair of gloves (worn)
 G - a +0 plate armour (worn)
Jewellery
 D - an amulet of regeneration (around neck)
 E - an amulet of guardian spirit
Wands
 p - a wand of flame (42)
 I - a wand of mindburst (16)
 J - a wand of digging (8)
Scrolls
 a - a scroll of blinking {unknown}
 b - a scroll of magic mapping
 e - 4 scrolls of teleportation {unknown}
 l - 2 scrolls of summoning {unknown}
 u - 2 scrolls of noise
 B - 2 scrolls of enchant armour {unknown}
 C - 3 scrolls of fog {unknown}
 H - a scroll of immolation
Potions
 c - 5 potions of attraction {unknown}
 d - a potion of resistance
 f - a potion of flight
 g - a potion of lignification
 i - 4 potions of might
 j - 4 potions of curing
 k - 2 potions of mutation {unknown}
 m - a potion of brilliance {unknown}
 o - 2 potions of cancellation {unknown}
 w - 2 potions of heal wounds {unknown}
 z - a potion of ambrosia {unknown}


   Skills:
 + Level 9.5 Fighting
 - Level 1.1 Short Blades
 + Level 12.9 Axes
 + Level 9.7 Armour
 + Level 4.0 Dodging


You had 9 spell levels left.
You didn't know any spells.
Your spell library contained the following spells:

 Spells                   Type           Power      Damage    Failure   Level
 Apportation              Tloc           0%         N/A       99%         1
 Freeze                   Ice            0%         1d3       99%         1
 Static Discharge         Conj/Air       0%         2-2/arc   100%        2
 Call Canine Familiar     Summ           0%         N/A       100%        3
 Frozen Ramparts          Ice            0%         1d1       100%        3
 Hailstorm                Conj/Ice       0%         3d3       100%        3
 Portal Projectile        Hex/Tloc       0%         N/A       100%        3
 Vhi's Electric Charge    Tloc/Air       0%         N/A       100%        3
 Leda's Liquefaction      Hex/Erth       0%         N/A       100%        4
 Alistair's Intoxication  Tmut/Pois      0%         N/A       100%        5
 Arcjolt                  Conj/Air       0%         1d10      100%        5
 Plasma Beam              Fire/Air       0%         2x1d11    100%        5


Dungeon Overview and Level Annotations

Branches:
Dungeon (9/15)             Temple (1/1) D:5            Lair (0/5) D:9
 Bailey (1/1)
    Orc: D:9-12

Altars:
Ashenzari
Cheibriados
Dithmenos
Elyvilon
Fedhas
Gozag
Hepliaklqana
Kikubaaqudgha
Makhleb
Nemelex Xobeh
Okawaru
Qazlal
Ru
Sif Muna
Uskayaw
Vehumet
Wu Jian
Xom
Yredelemnul
Zin
The Shining One

Shops:
D:9 ?


Message History

The orc knight hits you from afar with a +0 glaive!!
* * * LOW HITPOINT WARNING * * *
The orc knight closely misses you.
The orc warrior hits you from afar with a +0 bardiche!
* * * LOW HITPOINT WARNING * * *
You closely miss the orc knight.
The orc knight is severely wounded.
You barely miss the orc knight. Your punch misses the orc knight.
The orc knight is severely wounded.
The orc knight hits you from afar with a +0 glaive.
* * * LOW HITPOINT WARNING * * *
The orc knight hits you with a +0 trident!
* * * LOW HITPOINT WARNING * * *
The orc warrior hits you from afar with a +0 bardiche.
* * * LOW HITPOINT WARNING * * *
You feel the effects of Trog's Hand fading.
The orc knight hits you but does no damage.
There is an open gate here.
You feel a strong urge to attack something.
You are no longer berserk.
You are exhausted.
You feel yourself slow down.
You fade into invisibility!
The orc knight hits you with a +0 trident!
* * * LOW HITPOINT WARNING * * *
Your skin stops crawling.
You feel less strong-willed.
The orc knight no longer looks unusually strong.
The orc knight hits you from afar with a +0 trident!
* * * LOW HITPOINT WARNING * * *
The orc knight closely misses you.
There is an open door here.
Things that are here:
a +0 trident; a +0 ring mail; an orc corpse You feel very mighty all of a sudden.
The orc knight roars a battlecry!
The orc knight barely misses you.
You hit the orc knight but do no damage.
The orc knight is severely wounded.
The orc knight hits you with a +0 trident!
You die...

#.....................))).#≈.....
##.∩#≈...............≈#∩)##≈.....
≈#)##≈......###......≈##.#≈≈.....
≈≈)≈≈≈...#########...≈≈≈.≈≈......
..).....##.......##..............
.......##..#'#'#..##.............
.......#..##)#)##..#.............
......##.#########.##............
......##.'.#). #@oo##............
......##.###._ ###.##............
......##.'.#.o #)'.##............
......##.####o####o##............
......##..##∩o∩##o.#.............
..........##'''#..##.............
..........##.....##..............
≈≈.≈≈≈....##....##...≈≈≈.≈≈......
≈#.##≈....#######....≈##)#≈≈.....


You could see 2 orc knights.

Vanquished Creatures
  An ugly thing (D:7)
  A manticore (D:7)
  2 trolls
  Grinder (D:3)
  A wyvern (D:7)
  2 steam dragons (D:7)
  Edmund (D:5)
  2 water moccasins
  10 orc warriors
  A sky beast (D:6)
  A centaur (D:7)
  2 gnoll sergeants (D:9)
  3 bullfrogs
  4 scorpions
  9 wights
  4 killer bees (D:7)
  A howler monkey (D:8)
  3 hounds
  3 jellies
  3 iguanas
  3 orc priests
  A sleepcap (D:5)
  6 orc wizards
  Terence (D:3)
  10 gnolls
  6 adders
  An ufetubus (D:4)
  4 dart slugs
  30 orcs
  5 ball pythons
  2 bats (D:2)
  11 endoplasms
  2 giant cockroaches
  8 goblins
  6 hobgoblins
  8 jackals
  8 kobolds
  3 quokkas
  4 frilled lizards
  4 rats
178 creatures vanquished.

Vanquished Creatures (others)
  2 withered plants (D:7)
2 creatures vanquished.

Grand Total: 180 creatures vanquished

Notes
Turn   | Place    | Note
-------+----------+-------------------------------------------
     0 | D:1      | Dawnplanks the Hill Orc Berserker began the quest for the
                  | Orb.
     0 | D:1      | Reached XP level 1. HP: 19/19 MP: 1/1
   250 | D:1      | Reached XP level 2. HP: 27/27 MP: 2/2
   746 | D:2      | Reached XP level 3. HP: 34/34 MP: 3/3
   981 | D:2      | Reached ** piety under Trog
   982 | D:2      | Reached skill level 5 in Axes
  1078 | D:2      | Reached XP level 4. HP: 33/41 MP: 4/4
  1362 | D:2      | You fall into a shaft and drop 2 floors!
  1738 | D:3      | Noticed Terence
  1748 | D:3      | Killed Terence
  1870 | D:3      | Noticed Grinder
  1884 | D:3      | Paralysed by Grinder for 4 turns
  1893 | D:3      | Killed Grinder
  1894 | D:3      | Reached skill level 5 in Fighting
  1894 | D:3      | Reached skill level 6 in Axes
  1894 | D:3      | Reached XP level 5. HP: 33/48 MP: 5/5
  1894 | D:3      | Reached XP level 6. HP: 38/56 MP: 6/6
  1998 | D:3      | Identified the +9 short sword "Opruralo" {speed, rElec
                  | Dex+2}
  2291 | D:3      | Reached skill level 7 in Axes
  2407 | D:4      | Noticed an orc warrior
  2418 | D:4      | Killed an orc warrior
  2419 | D:4      | Reached XP level 7. HP: 15/61 MP: 7/7
  2422 | D:4      | Reached skill level 1 in Short Blades
  2602 | D:4      | Found a broken altar of Ashenzari.
  3004 | D:4      | Found a burning altar of Makhleb.
  3042 | D:4      | Found an ornate altar of the Wu Jian Council.
  3166 | D:5      | Entered Level 5 of the Dungeon
  3245 | D:5      | Reached skill level 5 in Armour
  3252 | D:5      | Reached *** piety under Trog
  3397 | D:5      | Noticed Edmund
  3404 | D:5      | Killed Edmund
  3405 | D:5      | Reached skill level 8 in Axes
  3405 | D:5      | Reached XP level 8. HP: 70/70 MP: 8/8
  3866 | D:5      | Found a staircase to the Ecumenical Temple.
  3875 | Temple   | Entered the Ecumenical Temple
  4982 | D:6      | Reached skill level 9 in Axes
  5361 | D:7      | Found a basalt altar of Yredelemnul.
  5362 | D:7      | Found a radiant altar of Vehumet.
  5412 | D:7      | Reached XP level 9. HP: 40/78 MP: 9/9
  5562 | D:7      | Reached skill level 10 in Axes
  5643 | D:7      | Noticed a brown ugly thing
  5653 | D:7      | Killed a brown ugly thing
  5657 | D:7      | Noticed a manticore
  5662 | D:7      | Noticed a troll
  5677 | D:7      | Killed a troll
  5678 | D:7      | Reached skill level 11 in Axes
  5682 | D:7      | Killed a manticore
  5996 | D:7      | Reached XP level 10. HP: 90/90 MP: 10/10
  6332 | D:8      | Reached skill level 12 in Axes
  6436 | D:8      | Noticed a tengu warrior
  7297 | D:9      | Found Xerauf's Magic Scroll Shoppe.
  7389 | D:9      | Found a flagged portal.
  7394 | D:9      | Noticed a two-headed ogre
  7398 | Bailey   | Entered a bailey
  7655 | Bailey   | Found a roughly hewn altar of Beogh.
  7656 | Bailey   | Noticed an orc knight
  7656 | Bailey   | Noticed an orc knight
  7686 | Bailey   | Slain by an orc knight

Illustrated notes

Levels and vault maps discovered:
D:1:      dpeg_arrival_castle, layout_basic
D:2:      layout_basic
D:3:      layout_loops_ring, uniq_grinder, uniq_terence
D:4:      layout_loops_ring, mainiacjoe_overflow_large_starburst,
          evilmike_ruin_ashenzari
D:5:      layout_loops_cross, temple_hall, kennysheep_cluttered_room,
          uniq_edmund
D:6:      layout_loops_corners
D:7:      layout_basic, overflow_temple_1_default, yredelemnul_altar_generic,
          minmay_manual_mandibuliform
D:8:      layout_loops_ring, corexii_leaking_fountain,
          onia_ninara_dug_in_and_dangerous
D:9:      layout_gridville, david_lair_shrubbed, enter_bailey_2, serial_shops,
          shop_fountains, hangedman_abyss_or_decor_slice,
          kennysheep_just_a_vault
Temple:   kb_temple_of_zot
Bailey:   bailey_polearm_2, bailey

Skill      XL: |  1  2  3  4  5  6  7  8  9 10 |
---------------+-------------------------------+-----
Fighting       | 4 5 6 8 9 |  9.5
Axes           | 5 6 7 8 9 11 12 | 12.9
Armour         | 3 4 5 6 8 9 |  9.7
Dodging        | 2 3 4 |  4.0
Short Blades   | 1 |  1.1

Action                     |  1- 3 |  4- 6 |  7- 9 | 10-12 || total
---------------------------+-------+-------+-------+-------++-------
  Melee: Hand axe          |    96 |    67 |   181 |   196 ||   540
         Punch             |     1 |       |     1 |     2 ||     4
         Short sword       |       |    31 |    11 |       ||    42
  Throw: Throwing net      |       |       |     1 |       ||     1
 Invoke: Berserk           |     2 |     3 |     3 |     2 ||    10
         Trog's Hand       |       |     2 |     4 |     2 ||     8
    Use: Scroll            |       |       |       |     9 ||     9
         Potion            |       |       |       |     2 ||     2
 Armour: Animal skin       |     6 |       |       |       ||     6
         Ring mail         |    15 |    34 |    42 |       ||    91
         Chain mail        |       |       |    61 |    16 ||    77
         Plate armour      |       |       |       |    86 ||    86
  Dodge: Dodged            |    57 |    62 |    76 |    75 ||   270

Table legend: (Time is in decaauts)
 A = Elapsed time spent in this place.
 B = Non-inter-level travel time spent in this place.
 C = Inter-level travel time spent in this place.
 D = Time resting spent in this place.
 E = Time spent auto-exploring this place.
 F = Levels seen in this place.
 G = Mean time per level.
                   A        B        C        D        E       F      G
               +--------+--------+--------+--------+--------+-----+--------+
         Total |   7664 |   7277 |    387 |    338 |   5719 |  11 |  696.7 |
       Dungeon |   7305 |   6933 |    372 |    338 |   5531 |   9 |  811.7 |
        Temple |    105 |     90 |     15 |      0 |     79 |   1 |  105.0 |
        Bailey |    253 |    253 |      0 |      0 |    109 |   1 |  253.0 |
               +--------+--------+--------+--------+--------+-----+--------+

Top non-repeatable levels by time:
     D:7: 1087 daAuts
     D:5: 1040 daAuts
     D:8: 943 daAuts
     D:6: 911 daAuts
     D:4: 850 daAuts
     D:3: 832 daAuts
     D:2: 825 daAuts
     D:1: 697 daAuts
  Bailey: 253 daAuts
     D:9: 116 daAuts
  Temple: 105 daAuts
